AoeStats
← FC_M@sTer

Arabia

508354357Analyzed
1v1 RM · 11d ago on Sep 22, 2026· 32m 26s· 2 players
Game mode
Random Map
Map size
Tiny (2 player)
Population
200
Speed
Normal
Resources
Standard
Victory
Conquest
Starting age
Dark Age
Ending age
Imperial Age
RankedLock teamsTeams togetherTeam positionsShared explorationLock speedFull tech treeHidden civsTurbo modeCheats
Victory
Defeat
🇨🇴 Persians · Colombia
1539
+14
🇲🇽 Spanish · Mexico
1499
-14
__Mafia
7:40 Loom
10:48 Feudal Age
16:07 Double-Bit Axe
19:24 Town Watch
FC_M@sTer
4:53 Loom
20:32 Feudal Age
21:20 Town Watch
25:16 Castle Age
23:26 Double-Bit Axe
23:41 Horse Collar
25:40 Bloodlines
26:28 Scale Barding Armor
Connection lost

Rejoining the realm…

Still unreachable

The connection could not be restored.

Session expired

The server has moved on; the page needs a fresh start.